Map: Waterfall

Players

ByuN - Winner!

  • Race: Terran Terran
  • Spawn Location: 1:00

PappiJoe

  • Race: Protoss Protoss
  • Spawn Location: 7:00

Event: DreamHack SC2 Masters 2022 Atlanta (Offline)

VOD

Have the link to the VOD?

Description

Time

  • Played on: Nov. 18, 2022, 12:59 p.m.
  • Length: 5:57

All games in this series

Show
View Real Time Build Order
Export as new Build Order

ByuN Terran - Winner!

Build Orders:  

Get SALT Encoding   

  12  0:00  SCV  
  13  0:12  SCV  
  14  0:17  Supply Depot  
  14  0:24  SCV  
  15  0:38  SCV  
  15  0:40  Barracks  
  16  0:43  Refinery  
  16  0:51  SCV  
  16  0:52  Refinery  
  17  1:03  SCV  
  18  1:15  SCV  
  19  1:27  Supply Depot, Reaper, Orbital Command  
  20  1:39  Factory  
  20  1:52  SCV  
  21  1:59  Reaper  
  22  2:04  SCV  
  23  2:16  SCV  
  23  2:20  Command Center  
  24  2:25  Hellion  
  26  2:31  SCV, Reaper  
  26  2:37  Supply Depot  
  28  2:43  SCV  
  31  2:54  Factory Tech Lab  
  31  2:55  SCV  
  31  2:57  Starport  
  30  3:05  Barracks Reactor  
  30  3:06  Starport  
  30  3:10  SCV  
  31  3:24  Cyclone  
  31  3:26  SCV  
  35  3:34  Starport Tech Lab  
  35  3:35  Orbital Command  
  35  3:42  Barracks, Marine x2  
  35  3:45  Viking  
  35  3:48  SCV  
  40  3:59  Siege Tank  
  40  4:00  Marine x2  
  40  4:01  Orbital Command  
  45  4:07  Supply Depot  
  45  4:09  SCV  
  46  4:17  Marine  
  46  4:18  Marine  
  46  4:21  SCV  
  49  4:33  SCV  
  49  4:35  SCV, Marine x2  
  49  4:38  Siege Tank  
  56  4:39  Starport Tech Lab  
  56  4:44  Refinery  
  56  4:45  SCV, Marine  
  57  4:47  SCV  
  57  4:50  Supply Depot  
  59  4:58  SCV  
  59  4:59  SCV  
  61  5:02  Supply Depot  
  61  5:04  Marine  
  62  5:11  Raven, Marine  
  62  5:12  Engineering Bay  
  66  5:15  SCV x2  
  67  5:27  SCV x2  
  64  5:39  SCV x2  
  68  5:52  Engineering Bay  
Show
View Real Time Build Order
Export as new Build Order

PappiJoe Protoss 

Build Orders: Dark Templar Rush 

Get SALT Encoding   

  12  0:08  Pylon  
  12  0:13  Probe  
  13  0:27  Gateway  
  13  0:30  Probe (Chrono Boost)  
  14  0:41  Probe (Chrono Boost), Assimilator  
  15  0:46  Probe (Chrono Boost)  
  16  0:50  Assimilator  
  16  0:56  Probe  
  17  1:08  Probe  
  18  1:15  Cybernetics Core  
  18  1:20  Probe  
  19  1:33  Pylon  
  19  1:34  Probe  
  20  1:46  Probe  
  21  1:48  Adept (Chrono Boost)  
  21  1:51  Warp Gate  
  21  1:53  Robotics Facility  
  23  1:58  Probe  
  24  2:11  Stalker  
  26  2:17  Pylon  
  26  2:39  Twilight Council  
  28  2:57  Probe, Pylon  
  29  3:07  Shield Battery  
  29  3:13  Pylon  
  30  3:28  Gateway  
  30  3:38  Dark Shrine  
  28  3:42  Probe  
  28  3:57  Gateway x2  
  28  4:04  Stalker  
  30  4:11  Probe  
  31  4:23  Pylon  
  27  4:30  Stalker x2  
  29  4:33  Pylon  
  29  4:36  Probe  
  27  4:52  Dark Templar x2  
  31  5:01  Dark Templar x2  
  35  5:13  Gateway  
  33  5:36  Dark Templar  
  31  5:44  Dark Templar  
Tags
 
Add a new tag
Caveats
  • Supply blocks, unpowered buildings, or Contaminate may cause inaccurate times.
  • Supply counts are checked every 10 seconds.